 Dungeon Crawl Stone Soup version 0.20-a0-791-gf6451d4 (webtiles) character file.

5148 Amciq the Cleaver (level 10, 0/93 HPs)
             Began as a Hill Orc Fighter on Mar 1, 2017.
             Was a Follower of Yredelemnul.
             Slain by an ogre
             ... wielding a +0 giant spiked club
              (11 damage)
             ... on level 8 of the Dungeon.
             The game lasted 00:19:26 (6784 turns).

Amciq the Cleaver (Hill Orc Fighter)                Turns: 6784, Time: 00:19:27

Health: 0/93       AC: 23    Str: 21    XL:     10   Next: 59%
Magic:  10/10      EV:  7    Int:  8    God:    Yredelemnul [*.....]
Gold:   542        SH: 11    Dex: 12    Spells: 9/9 levels left

rFire    x . .     SeeInvis .   a - +0 war axe
rCold    + . .     Gourm    .   n - +2 chain mail {rN+}
rNeg     + . .     Faith    .   c - +0 shield
rPois    .         Spirit   .   x - +0 helmet
rElec    .         Reflect  .   y - +0 cloak
rCorr    .         Harm     .   e - +0 pair of gloves
MR       .....                  g - +0 pair of boots
Stlth    ..........             (no amulet)
Regen    0.3/turn               K - ring of ice
MPRegen  0.2/turn               j - +5 ring of protection

@: lethally poisoned (0 -> -1)
A: mutation resistance 1
a: Animate Remains, Renounce Religion


You were on level 8 of the Dungeon.
You worshipped Yredelemnul.
Yredelemnul was aware of your devotion.
You were not hungry.

You visited 2 branches of the dungeon, and saw 10 of its levels.

You collected 542 gold pieces.

Inventory:

Hand Weapons
 a - a +0 war axe (weapon)
Armour
 c - a +0 shield (worn)
 e - a +0 pair of gloves (worn)
 g - a +0 pair of boots (worn)
 n - a +2 chain mail of positive energy (worn)
 r - a +0 large shield
 x - a +0 helmet (worn)
 y - a +0 cloak (worn)
Jewellery
 j - a +5 ring of protection (left hand)
 K - a ring of ice (right hand)
Wands
 G - a wand of random effects (7/48)
 H - a wand of flame (20/48)
 J - a wand of digging (13/24)
Scrolls
 b - 7 scrolls of remove curse
 h - 4 scrolls of amnesia
 t - 2 scrolls of fog {unknown}
 w - a scroll of recharging {unknown}
 C - a scroll of blinking {unknown}
 E - a scroll of identify
 F - 2 scrolls of magic mapping {unknown}
Potions
 d - a potion of might
 k - a potion of lignification
 m - a potion of agility
 p - 3 potions of flight
 q - a potion of heal wounds
 s - 3 potions of mutation
 u - 2 potions of berserk rage
 v - a potion of magic
 A - a potion of haste
 D - 2 potions of brilliance
Books
 I - a book of the Sky

   Spells                             Type                      Level
   a - Summon Lightning Spire         Summoning/Air                4
   b - Silence                        Hexes/Air                    5
   c - Deflect Missiles               Charms/Air                   6
   d - Conjure Ball Lightning         Conjuration/Air              6
   e - Tornado                        Air                          9
Comestibles
 f - 6 bread rations
 i - 8 chunks of flesh
 l - 5 fruits
 B - 6 royal jellies
 M - a meat ration


   Skills:
 + Level 10.1 Fighting
 + Level 10.4 Axes
 + Level 9.0 Armour
 + Level 8.8 Shields


You had 9 spell levels left.
You didn't know any spells.

Dungeon Overview and Level Annotations

Branches:
Dungeon (9/15)             Temple (1/1) D:6             Orc (0/2) D:9
   Lair: D:8-11

Altars:
Ashenzari
Cheibriados
Dithmenos
Elyvilon
Fedhas
Gozag
Hepliaklqana
Kikubaaqudgha
Makhleb
Nemelex Xobeh
Qazlal
Ru
Sif Muna
Trog
Uskayaw
Vehumet
Wu Jian
Xom
Yredelemnul
Zin
The Shining One

Shops:
D:4 *

Annotations:
D:4 Blork the orc


Innate Abilities, Weirdness & Mutations

You are somewhat resistant to further mutation.


Message History

Your surroundings suddenly seem different.
You feel sick.
You start resting.
You feel sick.
You feel sick.
The two-headed ogre shouts in stereo!
You hear an angry buzzing noise.
You block the ogre's attack.
You see here a large shield.
You hit the ogre.
The ogre is lightly wounded.
You slash the two-headed ogre!
You kill the two-headed ogre!
Yredelemnul accepts your kill.
Your Fighting skill increases to level 10!
Your Armour skill increases to level 9!
You slash the ogre!
The ogre is heavily wounded.
The ogre hits you with a giant spiked club!
You die...
Your body rises from the dead as a mindless zombie.

..##..#..#
#..#..##.#
..##..#.#
#..#..#.#
#..##...#
#..#...# #
#..##..# #
.#..##..#†.# #
.......@##y# #
....##..O..#
#.
........##.#
... .
...........
###
###########...
... ..# ... ##
..# ..#


You could see an ogre.

Vanquished Creatures
  A two-headed ogre (D:8)
  Joseph (D:7)
  Grinder (D:4)
  A human (D:8)
  4 hogs (D:8)
  A hungry ghost (D:3)
  Menkaure (D:5)
  Duvessa (D:5)
  A water moccasin (D:7)
  3 sky beasts
  5 ogres
  3 phantoms
  2 centaurs
  2 bullfrogs
  A big kobold (D:8)
  Dowan (D:5)
  A scorpion (D:4)
  5 killer bees
  3 wights (D:8)
  2 howler monkeys
  3 crimson imps (D:5)
  A bullfrog zombie (D:5)
  2 jellies
  3 hounds
  2 orc priests
  2 orc wizards
  Crazy Yiuf (D:5)
  A centaur skeleton (D:4)
  Terence (D:3)
  Ijyb (D:2)
  6 worker ants
  A hound skeleton (D:4)
  Robin (D:4)
  13 adders
  3 gnolls (D:6)
  2 shadow imps
  2 oozes (D:2)
  7 worms
  A dart slug (D:1)
  9 leopard geckos
  15 orcs
  A ball python (D:1)
  5 giant cockroaches
  13 goblins
  11 hobgoblins
  6 jackals
  13 kobolds
  3 quokkas
  3 bats
  6 frilled lizards
  A leopard gecko skeleton (D:4)
  A leopard gecko zombie (D:6)
  A quokka skeleton (D:4)
  5 rats
186 creatures vanquished.

Notes
Turn   | Place    | Note
-------+----------+-------------------------------------------
     0 | D:1      | Amciq the Hill Orc Fighter began the quest for the Orb.
     0 | D:1      | Reached XP level 1. HP: 19/19 MP: 1/1
   197 | D:1      | Reached XP level 2. HP: 26/27 MP: 2/2
   606 | D:2      | Reached XP level 3. HP: 33/33 MP: 3/3
   796 | D:2      | Reached XP level 4. HP: 28/40 MP: 4/4
   830 | D:2      | Noticed Terence
   836 | D:2      | Noticed Ijyb
   860 | D:3      | Killed Terence
  1027 | D:2      | Killed Ijyb
  1179 | D:2      | Reached XP level 5. HP: 47/47 MP: 5/5
  1197 | D:2      | Found a blossoming altar of Fedhas.
  1244 | D:2      | Noticed a dagger
  1245 | D:2      | Noticed a dagger
  1388 | D:2      | Found a hide-covered altar of Uskayaw.
  2060 | D:4      | Noticed a phantom
  2073 | D:3      | Killed a phantom
  2073 | D:3      | Reached skill level 5 in Fighting
  2073 | D:3      | Reached XP level 6. HP: 55/56 MP: 6/6
  2184 | D:4      | Found Humnis's Assorted Antiques.
  2207 | D:4      | Noticed Robin
  2212 | D:4      | Reached skill level 5 in Axes
  2230 | D:4      | Killed Robin
  2263 | D:4      | Noticed Grinder
  2267 | D:4      | Noticed a hungry ghost
  2274 | D:4      | Paralysed by Grinder for 5 turns
  2375 | D:3      | Paralysed by fainting for 7 turns
  2406 | D:3      | Killed a hungry ghost
  2406 | D:3      | Reached skill level 5 in Armour
  2406 | D:3      | Reached XP level 7. HP: 47/62 MP: 7/7
  2480 | D:4      | Paralysed by Grinder for 6 turns
  2488 | D:4      | Paralysed by Grinder for 6 turns
  2498 | D:4      | Paralysed by Grinder for 6 turns
  2511 | D:4      | Killed Grinder
  2511 | D:4      | Reached skill level 5 in Shields
  2653 | D:4      | Reached XP level 8. HP: 33/71 MP: 8/8
  2973 | D:4      | Noticed Blork the orc
  2985 | D:4      | Found a deep blue altar of Sif Muna.
  3442 | D:5      | Entered Level 5 of the Dungeon
  3446 | D:5      | Noticed Menkaure
  3454 | D:5      | Killed Menkaure
  3683 | D:5      | Found a sparkling altar of Nemelex Xobeh.
  3799 | D:5      | Found a shattered altar of Ashenzari.
  4178 | D:5      | Found a runed door.
  4182 | D:5      | Noticed Crazy Yiuf
  4191 | D:5      | Killed Crazy Yiuf
  4246 | D:5      | Noticed Dowan
  4247 | D:5      | Noticed Duvessa
  4273 | D:5      | Killed Duvessa
  4273 | D:5      | Reached XP level 9. HP: 74/80 MP: 9/9
  4276 | D:5      | Killed Dowan
  4389 | D:5      | Gained mutation: You are somewhat resistant to further mutation. [mutagenic meat]
  4591 | D:6      | Found a staircase to the Ecumenical Temple.
  4601 | Temple   | Entered the Ecumenical Temple
  4666 | Temple   | Became a worshipper of Yredelemnul the Dark
  4841 | D:6      | Found a glowing golden altar of the Shining One.
  5016 | D:6      | Found a hazy altar of Hepliaklqana.
  5232 | D:6      | Found a burning altar of Makhleb.
  5421 | D:7      | Noticed Joseph
  5451 | D:7      | Killed Joseph
  5946 | D:7      | Found a bloodstained altar of Trog.
  6219 | D:8      | Reached XP level 10. HP: 66/91 MP: 10/10
  6220 | D:8      | Reached * piety under Yredelemnul
  6465 | D:9      | Found a staircase to the Orcish Mines.
  6509 | D:8      | Reached skill level 10 in Axes
  6630 | D:8      | Found a sparkling altar of Nemelex Xobeh.
  6757 | D:8      | Noticed a two-headed ogre
  6783 | D:8      | Killed a two-headed ogre
  6783 | D:8      | Reached skill level 10 in Fighting
  6784 | D:8      | Slain by an ogre

Vault maps used:
D:1:      noname_arrival_rooms_in_the_neighbourhood, hex_tiny
D:2:      nicolae_overflow_crystal_walls, dancing_weapons_uskayaw, first_bread,
          kennysheep_generic_room_7, uniq_terence, uniq_iyjb
D:4:      serial_shops, shop, tgw_sif, uniq_grinder, uniq_robin,
          uniq_blork_the_orc
D:5:      nicolae_ashenzari_panopticon, nemelex_diamond_rough_becter,
          uniq_crazy_yiuf_cottage, uniq_menkaure, uniq_duvessa
D:6:      kennysheep_little_box, lemuel_coloured_pillars_altar,
          minmay_temple_entry_glassed_door, nicolae_tso_swordbearing_angel
D:7:      marbit_many_paths, uniq_joseph
D:8:      minmay_tri_box, old_standard_altar, grunt_livestock,
          nemelex_xobeh_ov_fountains_minmay
D:9:      erik_lair_dragon, orc_0_dummy, kennysheep_diamond,
          hangedman_decor_clover_reticule, fedhas_altar_3
Temple:   eino_wide_crystal_templ

Skill      XL: |  1  2  3  4  5  6  7  8  9 10 |
---------------+-------------------------------+-----
Fighting       | 4 5 6 7 9 10 | 10.1
Axes           | 3 4 5 6 7 9 10 | 10.4
Armour         | 4 5 6 8 9 |  9.0
Shields        | 4 5 6 8 |  8.8

Action                   |  1- 3 |  4- 6 |  7- 9 | 10-12 || total
-------------------------+-------+-------+-------+-------++-------
Melee: War axe           |   103 |   223 |   396 |   104 ||   826
  Use: Scroll            |       |       |    14 |     4 ||    18
       Potion            |       |       |       |     2 ||     2
 Stab: Invisible         |       |       |     1 |       ||     1
  Eat: Chunk             |       |     7 |    19 |     2 ||    28
       Meat ration       |       |     2 |       |       ||     2
       Bread ration      |       |     1 |       |       ||     1
       Royal jelly       |       |     1 |       |       ||     1
       Fruit             |       |     1 |       |       ||     1
Armor: Scale mail        |    68 |    45 |       |       ||   113
       Chain mail        |       |    94 |   200 |    80 ||   374
Dodge: Dodged            |    36 |    61 |    72 |    20 ||   189
Block: Shield            |    72 |   118 |   186 |    80 ||   456
